 Dungeon Crawl Stone Soup version 0.32-a0-391-gce5c0aab1b (webtiles) character file.

Game seed: 1252375431089610413

2 Zeldest the Slasher (level 1, 0/14 (16) HPs)
             Began as a Coglin Reaver on Feb 19, 2024.
             Slain by a frilled lizard (3 damage)
             ... on level 1 of the Dungeon.
             The game lasted 00:00:15 (36 turns).

Zeldest the Slasher (Coglin Reaver)                   Turns: 36, Time: 00:00:15

HP:   0/14 (16)     AC:  3    Str: 12    XL:     1   Next: 40%
MP:   2/3           EV: 11    Int: 12    God:
Gold: 0             SH:  0    Dex: 12    Spells: 2/3 levels left

rFire   . . .        a - +0 falchion {Eunkyung}
rCold   . . .        (no shield)
rNeg    . . .        b - +0 leather armour
rPois   .            (no helmet)
rElec   .            (no cloak)
rCorr   .            (no gloves)
SInv    .            (no boots)
Will    .....        (no amulet)
Stlth   +            (no ring)
HPRegen 0.22/turn    (no ring)
MPRegen 0.08/turn

%: no passive effects
@: heavily drained, revved, stiff-legged, very slow
A: off-hand wielding, slow wielding, warmup strikes, warmup strides
a: no special abilities


You were on level 1 of the Dungeon.
You visited 1 branch of the dungeon, and saw 1 of its levels.

Inventory:

Hand Weapons
 a - a +0 falchion (weapon) {Eunkyung}
Armour
 b - a +0 leather armour (worn)


   Skills:
 + Level 2.0 Fighting
 + Level 3.0 Long Blades
 + Level 1.8 Dodging
 + Level 1.8 Spellcasting
 + Level 2.7 Conjurations


You had 2 spell levels left.
You knew the following spells:

 Your Spells              Type           Power      Damage    Failure   Level
a - Kiss of Death         Conj/Necr      16%        2d6       21%         1

Your spell library contained the following spells:

 Spells                   Type           Power      Damage    Failure   Level
 Momentum Strike          Conj/Tloc      8%         3d8       30%         2
 Hailstorm                Conj/Ice       4%         3d5       52%         3


Dungeon Overview and Level Annotations

Branches:
Dungeon (1/15) Zot: 5960

Altars:


Innate Abilities, Weirdness & Mutations

You can wield a second weapon in your off-hand.
It takes a long time for you to wield or remove held weapons.
Your first few attacks do less damage.
Your first movements take longer.


Message History

The rat is heavily wounded.
The rat bites you but does no damage. The rat barely misses you.
The rat misses you.
You hit the rat but do no damage.
The rat is heavily wounded.
The rat closely misses you. x2; The rat misses you.
You hit the rat.
You kill the rat!
The rat bites you. The rat completely misses you.
You hit the rat but do no damage. The rat misses you.
The rat bites you but does no damage. The frilled lizard barely misses you.
The rat attacks as it pursues you! The rat barely misses you.
The frilled lizard bites you. The rat bites you. x2
You see here a metallic white potion.
The rat attacks as it pursues you! The rat misses you.
The rat attacks as it pursues you! The rat completely misses you.
You barely miss the rat. The frilled lizard closely misses you.
The rat bites you but does no damage. x2; The frilled lizard bites you.
You closely miss the rat. The rat bites you. x2
* * * LOW HITPOINT WARNING * * *
The frilled lizard closely misses you. The rat misses you.
You barely miss the rat. The rat bites you.
* * * LOW HITPOINT WARNING * * *
The frilled lizard closely misses you. The rat misses you.
You aren't carrying any potions.
You aren't carrying any scrolls.
Casting: Kiss of Death (safe; 21% risk of failure)
Confirm with . or Enter, or press ? or * to list all spells.
Okay, then.
Casting: Kiss of Death (safe; 21% risk of failure)
Confirm with . or Enter, or press ? or * to list all spells.
Aiming: Kiss of Death (safe; 21% risk of failure)
Press: ? - help, Shift-Dir - straight line, f - rat
Aim: a rat (100% to hit)
The fragment of death hits the rat!
The rat is drained!
You kill the rat!
You feel drained. The frilled lizard closely misses you.
The rat bites you but does no damage.
You hit the rat but do no damage. The frilled lizard bites you.
You die...

#........#
#........#
#........###
#.........#
##..†..##
#ß.....ß#
##..!..##
##.†rl.##
#ß..@..ß#
##.....##
##.....##
#ß.....ß#
##...).##
##.....##
#ß.....ß#
##.....##
#.....#


You could see a frilled lizard and a rat.

Vanquished Creatures
  2 rats (D:1)
2 creatures vanquished.

Notes
Turn   | Place    | Note
-------+----------+-------------------------------------------
     0 | D:1      | Zeldest the Coglin Reaver began the quest for the Orb.
     0 | D:1      | Reached XP level 1. HP: 16/16 MP: 3/3
    36 | D:1      | Slain by a frilled lizard

Illustrated notes

Levels and vault maps discovered:
D:1:      psy_arrival_heroes, layout_basic

Action                     || total
---------------------------++-------
  Melee: Falchion          ||    11
   Cast: Kiss of Death     ||     1
 Armour: Leather armour    ||    17
  Dodge: Dodged            ||    18

Table legend: (Time is in decaauts)
 A = Elapsed time spent in this place.
 B = Non-inter-level travel time spent in this place.
 C = Inter-level travel time spent in this place.
 D = Time resting spent in this place.
 E = Time spent auto-exploring this place.
 F = Levels seen in this place.
 G = Mean time per level.
                   A        B        C        D        E       F      G
               +--------+--------+--------+--------+--------+-----+--------+
         Total |     38 |     38 |      0 |      0 |     12 |   1 |   38.0 |
       Dungeon |     38 |     38 |      0 |      0 |     12 |   1 |   38.0 |
               +--------+--------+--------+--------+--------+-----+--------+

Top non-repeatable levels by time:
     D:1: 38 daAuts
